cohdb
Replays
Latest Replays
All Replays
Popular Replays
Top Player Replays
Match Explorer
How It Works
Community
CoH3 Stats
Reddit
Sign in to upload your games and track your stats! →
Sign in with Steam
Match 41224732
Unlisted
Match 41224732
Overview
Messages
Build Orders
End
Construct Barracks
Engineer Squad
1⁄4-ton 4x4 Truck
Riflemen Squad
Construct Weapon Support Center
.30 cal Machine Gun
M1919 Machine Gun Team
.30 cal Machine Gun
Bazooka Squad
Mechanized Support Center
Designate Forward Repair Station
Construct Tank Depot
M4(105) Sherman Bulldozer
Selects Armored Battlegroup
Riflemen Squad
Selects Veteran Crews
M4(105) Sherman Bulldozer
Selects Strength in Steel
Selects Seek and Destroy
Engineer Squad
M18 Hellcat Tank Destroyer
M18 Hellcat Tank Destroyer
Selects Field Repairs
Selects War Machine
M4(105) Sherman Bulldozer
Field Repairs
Seek and Destroy
M18 Hellcat Tank Destroyer
Construct Medical Station
SamBlips
TidaL
?
devinronk
ICH BIN SCHNAPPI
KeineZeit
urteil
The Prussian ✠
0
0
Comments
sign in to comment!
No comments posted yet!